 Dungeon Crawl Stone Soup version 0.30-a0-772-g5528072125 (webtiles) character file.

Game seed: 10751439554083663850

176 HoaS the Shooter (level 5, 0/30 HPs)
             Began as a Gargoyle Hunter on Feb 11, 2023.
             Slain by a necrophage (6 damage)
             ... on level 4 of the Dungeon on Feb 12, 2023.
             The game lasted 00:04:28 (2017 turns).

HoaS the Shooter (Gargoyle Hunter)                  Turns: 2017, Time: 00:04:28

Health: 0/30       AC:  9    Str: 15    XL:     5   Next: 56%
Magic:  5/5        EV: 11    Int: 15    God:
Gold:   220        SH:  0    Dex: 15    Spells: 4/4 levels left

rFire   . . .      SeeInvis .    a - +0 shortbow
rCold   . . .      Faith    .    (shield currently unavailable)
rNeg    + . .      Spirit   .    c - +0 leather armour
rPois   ∞          Reflect  .    e - +1 helmet
rElec   +          Harm     .    (no cloak)
rCorr   .          Rampage  .    (no gloves)
Will    .....                    (no boots)
Stlth   ++                       (no amulet)
HPRegen 0.25/turn                d - +6 ring of intelligence
MPRegen 0.09/turn                (no ring)

@: no status effects
A: sickness immunity, AC +4, negative energy resistance 1, electricity
resistance, torment resistance 1, petrification resistance
a: no special abilities


You were on level 4 of the Dungeon.
You visited 1 branch of the dungeon, and saw 4 of its levels.

You collected 220 gold pieces.

Inventory:

Hand Weapons
 a - a +0 shortbow (weapon)
Armour
 c - a +0 leather armour (worn)
 e - a +1 helmet (worn)
Jewellery
 d - a +6 ring of intelligence (left hand)
Scrolls
 b - a scroll of immolation
Potions
 f - a potion of attraction
 g - 4 potions of lignification
 h - 2 potions of curing
 i - a potion of cancellation
 j - a potion of haste {unknown}
 k - 2 potions of might {unknown}
 l - a potion of resistance {unknown}
 m - a potion of brilliance {unknown}


   Skills:
 - Level 2.1 Fighting
 + Level 6.6 Ranged Weapons
 - Level 1.5 Dodging
 - Level 1.1 Stealth


You had 4 spell levels left.
You didn't know any spells.
Your spell library contained the following spells:

 Spells                   Type           Power      Damage    Failure   Level
 Ensorcelled Hibernation  Hex/Ice        0%         N/A       45%         2
 Passwall                 Tmut/Erth      0%         N/A       45%         2
 Swiftness                Air            0%         N/A       69%         3


Dungeon Overview and Level Annotations

Branches:
Dungeon (4/15)
 Temple: D:4-7

Altars:
Makhleb

Shops:
D:3 (


Innate Abilities, Weirdness & Mutations

You are immune to sickness and miasma.
Your stone body is resilient. (AC +4)
You are immune to poison.
You resist negative energy. (rN+)
You are resistant to electric shocks. (rElec)
You are resistant to unholy torment.
You are immune to petrification.


Message History

You kill the orc!
You shoot an arrow. The arrow hits the necrophage.
The necrophage is lightly damaged.
The necrophage hits you.
You shoot an arrow.
The arrow closely misses the necrophage.
The necrophage hits you.
The necrophage hits you but does no damage.
You are too injured to fight recklessly!
You are too injured to fight recklessly!
You shoot an arrow.
The arrow closely misses the necrophage.
The necrophage barely misses you.
You shoot an arrow. The arrow barely misses the necrophage.
The necrophage hits you but does no damage.
You shoot an arrow. The arrow hits the necrophage.
The necrophage is moderately damaged.
The necrophage hits you but does no damage.
You shoot an arrow. The arrow hits the necrophage.
The necrophage is moderately damaged.
The necrophage closely misses you. The necrophage misses you.
You shoot an arrow. The arrow hits the necrophage.
The necrophage is severely damaged.
The necrophage hits you.
You shoot an arrow.
The arrow hits the necrophage but does no damage.
The necrophage is severely damaged.
The necrophage hits you but does no damage.
You shoot an arrow.
The arrow hits the necrophage but does no damage.
The necrophage is severely damaged.
The necrophage closely misses you.
You shoot an arrow. The arrow hits the necrophage!
The necrophage is almost destroyed.
The necrophage hits you.
* * * LOW HITPOINT WARNING * * *
You shoot an arrow.
The arrow closely misses the necrophage.
The necrophage hits you.
You die...

##†#####.........#.
#....##...#####.#.
####<##...# #.#.
#.##...# #.#.
#.##...# #.#.
#.###..#####.#.
####.##.........#.
#
#..........<......
#.
#@##.##...##.#..##
#.
#n##............#
#.#)#####........##
#...........#.###
##.#####......# .##
##...### .# #...#
.o #...# .# #...#


You could see a necrophage.

Vanquished Creatures
  A scorpion (D:4)
  An orc priest (D:3)
  2 adders (D:2)
  2 dart slugs
  5 orcs
  3 ball pythons (D:2)
  4 bats
  4 endoplasms
  3 giant cockroaches
  8 goblins
  4 hobgoblins
  9 jackals
  4 quokkas
  A frilled lizard (D:2)
  A kobold (D:2)
  4 rats
56 creatures vanquished.

Notes
Turn   | Place    | Note
-------+----------+-------------------------------------------
     0 | D:1      | HoaS the Gargoyle Hunter began the quest for the Orb.
     0 | D:1      | Reached XP level 1. HP: 12/12 MP: 1/1
   268 | D:1      | Reached XP level 2. HP: 10/17 MP: 2/2
   674 | D:2      | Reached skill level 5 in Ranged Weapons
   674 | D:2      | Reached XP level 3. HP: 18/21 MP: 3/3
   962 | D:2      | Reached XP level 4. HP: 26/26 MP: 4/4
  1348 | D:3      | Reached skill level 6 in Ranged Weapons
  1421 | D:3      | Found a burning altar of Makhleb.
  1681 | D:3      | Found Wacke's Weapon Boutique.
  1889 | D:4      | Noticed a scorpion
  1904 | D:4      | Killed a scorpion
  1905 | D:4      | Reached XP level 5. HP: 17/30 MP: 5/5
  1963 | D:4      | Upgraded the game from 0.30-a0-760-g5a9884bb7c to
                  | 0.30-a0-772-g5528072125
  2017 | D:4      | Slain by a necrophage

Illustrated notes

Levels and vault maps discovered:
D:1:      lightli_arrival_noodles, layout_basic
D:2:      layout_rooms, corexii_item_surrounded_by_moat
D:3:      layout_basic, bloody_makhleb, serial_shops, shop,
          minmay_goblin_kobold_house
D:4:      layout_loops_cross, hangedman_abyss_or_decor_stabs

Skill      XL: |  1  2  3  4 |
---------------+-------------+-----
Ranged Weapons | 5 6 |  6.6
Fighting       | |  2.1
Dodging        | |  1.5
Stealth        | |  1.1

Action                     |  1- 3 |  4- 6 || total
---------------------------+-------+-------++-------
   Fire: Shortbow          |    91 |    94 ||   185
    Use: Scroll            |     5 |     5 ||    10
 Armour: Leather armour    |    15 |    18 ||    33
  Dodge: Dodged            |    19 |    35 ||    54

Table legend: (Time is in decaauts)
 A = Elapsed time spent in this place.
 B = Non-inter-level travel time spent in this place.
 C = Inter-level travel time spent in this place.
 D = Time resting spent in this place.
 E = Time spent auto-exploring this place.
 F = Levels seen in this place.
 G = Mean time per level.
                   A        B        C        D        E       F      G
               +--------+--------+--------+--------+--------+-----+--------+
         Total |   2065 |   1956 |    109 |    217 |   1368 |   4 |  516.2 |
       Dungeon |   2065 |   1956 |    109 |    217 |   1368 |   4 |  516.2 |
               +--------+--------+--------+--------+--------+-----+--------+

Top non-repeatable levels by time:
     D:1: 668 daAuts
     D:3: 579 daAuts
     D:2: 504 daAuts
     D:4: 313 daAuts
